 Dungeon Crawl Stone Soup version 0.14-a0-1378-gf8e6a88 (webtiles) character file.

557 PolkaDot the Ruinous (level 6, 0/41 HPs)
             Began as a Vampire Conjurer on Dec 8, 2013.
             Was an Initiate of Vehumet.
             Killed from afar by Blork the orc (5 damage)
             ... with a magic dart
             ... on Level 5 of the Dungeon.
             The game lasted 00:18:09 (3861 turns).

PolkaDot the Ruinous (Vampire Conjurer)             Turns: 3861, Time: 00:18:09

HP   0/41        AC  3     Str  7      XL: 6   Next: 82%
MP   7/11        EV 12     Int 19      God: Vehumet [......]
Gold 88          SH  0     Dex 14      Spells:  3 memorised,  3 levels left

rFire  . . .     SeeInvis +     j - +3,+0 elf short sword
rCold  . . .     Clarity  .     a - +0 robe
rNeg   . . .     Conserve .     (no shield)
rPois  .         rCorr    .     q - +1 wizard hat
rElec  .         rRot     .     (no cloak)
SustAb . .       Spirit   .     (no gloves)
rMut   .         Warding  .     (no boots)
Saprov . . .     Stasis   .     e - amulet of faith
                                (no ring)
                                (no ring)

@: regenerating quickly, slightly resistant to hostile enchantments, stealthy
A: bottle blood, fangs 3, see invisible, unbreathing
a: Bottle Blood, Renounce Religion


You were on level 5 of the Dungeon.
You worshipped Vehumet.
Vehumet was noncommittal.
You were full.

You visited 2 branches of the dungeon, and saw 6 of its levels.

You collected 88 gold pieces.

Inventory:

Hand weapons
 j - a +3,+0 elven short sword (weapon)
Armour
 a - a +0 robe (worn)
 q - a +1 wizard hat (worn)
Scrolls
 b - a scroll of enchant armour
 d - 2 scrolls of curse jewellery {unknown}
 f - a scroll of magic mapping
 g - a scroll of remove curse
 h - 2 scrolls of curse weapon {unknown}
 k - 6 scrolls of identify
 l - a scroll of teleportation {unknown}
 o - a scroll of immolation {unknown}
 p - a scroll of curse armour {unknown}
 r - 2 scrolls of recharging {unknown}
 s - 2 scrolls of enchant weapon I {unknown}
Jewellery
 e - an amulet of faith (around neck)
 n - an uncursed amulet of stasis
Books
 c - a book of Conjurations

   Spells                             Type                      Level
   *Magic Dart                        Conjuration                  1
   *Searing Ray                       Conjuration                  2
   Dazzling Spray                     Conjuration/Hexes            3
   *Iskenderun's Mystic Blast         Conjuration                  4
   Iskenderun's Battlesphere          Conjuration/Charms           4
   Fulminant Prism                    Conjuration/Hexes            5


   Skills:
 - Level 2.1 Dodging
 - Level 3.0 Stealth
 + Level 2.9 Spellcasting
 * Level 6.0 Conjurations


You had 3 spell levels left.
You knew the following spells:

 Your Spells              Type           Power        Failure   Level  Hunger
a - Magic Dart            Conj           ####         1%          1    None
d - Iskenderun's Mystic   Conj           ####....     14%         4    ####...
s - Searing Ray           Conj           ####..       1%          2    ##.....


Dungeon Overview and Level Annotations

Branches:
Dungeon (5/16)             Temple (1/1) D:5

Altars:
Cheibriados
Elyvilon
Fedhas
Nemelex Xobeh
Okawaru
Sif Muna
Trog
Vehumet
Xom
Yredelemnul
Zin
the Shining One

Annotations:
D:5 Blork the orc


Innate Abilities, Weirdness & Mutations

Your natural rate of healing is unusually fast.
You can bottle blood from corpses.
You have razor-sharp teeth.*
You have supernaturally acute eyesight.
You can survive without breathing.*


Message History

You aren't carrying any potions.
Unknown command.
Unknown command.
Blork the orc gestures at you while chanting.
The puff of frost hits you!
Casting: Searing Ray
Confirm with . or Enter, or press ? or * to list all spells.
Aiming: Searing Ray
Press: ? - help, Shift-Dir - straight line, f - Blork the orc
Aim: Blork the orc, wielding a glowing war axe and wearing an orcish robe (moving very quickly)
The searing ray hits Blork the orc.
Blork the orc is lightly wounded.
The searing ray misses Blork the orc.
Blork the orc hits you with a glowing war axe.
You are electrocuted!
* * * LOW HITPOINT WARNING * * *
You aren't carrying any potions.
Blork the orc gestures at you while chanting.
The magic dart hits you!
You die...

#.#********..# **,,,
#######.## *..# *,,>
#........## ##..# ***,
#.........######...######****,
#..>......o..............,,,,,
#.........###.##..###....,,,,,
#........## #.##..# ***#*****,
###..##.## #o##..# *, ##.#.##
#@##..# *, #.....#####.##..#
*, ##.#.#...)......# *,
#......#######.## ** ##.#.#.#
#..# #......# ##.# ##.#.#.#
#.# #......# #o# ##[#.#.#
#.#####


You could see Blork the orc.

Vanquished Creatures
  A centaur (D:4)
  2 hounds (D:4)
  An orc priest (D:3)
  A giant frog skeleton (D:5)
  A scorpion (D:5)
  2 orc wizards (D:5)
  2 worker ants (D:4)
  7 adders
  2 worms
  A giant gecko (D:5)
  An ooze (D:3)
  6 orcs
  11 bats
  A giant cockroach (D:1)
  3 hobgoblins
  9 kobolds
  2 quokkas
  2 ball pythons (D:1)
  3 giant newts (D:2)
  11 goblins
  A hobgoblin skeleton (D:4)
  11 rats
  A rat skeleton (D:4)
82 creatures vanquished.

Notes
Turn   | Place    | Note
--------------------------------------------------------------
     0 | D:1      | PolkaDot, the Vampire Conjurer, began the quest for the Orb.
     0 | D:1      | Reached XP level 1. HP: 13/13 MP: 3/3
   522 | D:1      | Reached XP level 2. HP: 13/19 MP: 0/4
   526 | D:1      | Learned a level 2 spell: Searing Ray
  1100 | D:2      | Reached XP level 3. HP: 20/24 MP: 3/6
  1508 | D:3      | Reached skill level 4 in Conjurations
  1623 | D:3      | Reached XP level 4. HP: 30/30 MP: 2/8
  2045 | D:3      | Learned a level 4 spell: Iskenderun's Mystic Blast
  2347 | D:4      | Reached XP level 5. HP: 15/35 MP: 1/9
  2852 | D:4      | Reached skill level 5 in Conjurations
  2948 | D:4      | Noticed a centaur
  2953 | D:4      | HP: 1/35 [centaur (9)]
  2958 | D:4      | Killed a centaur
  2958 | D:4      | Reached XP level 6. HP: 10/41 MP: 6/11
  3306 | D:5      | Entered Level 5 of the Dungeon
  3306 | D:5      | Noticed Blork the orc
  3517 | D:5      | Found a staircase to the Ecumenical Temple.
  3528 | Temple   | Entered the Ecumenical Temple
  3637 | Temple   | Became a worshipper of Vehumet
  3783 | D:5      | Reached skill level 6 in Conjurations
  3861 | D:5      | Killed from afar by Blork the orc

Action                   |  1- 3 |  4- 6 || total
-------------------------+-------+-------++-------
Melee: Short sword       |   100 |    67 ||   167
       Unarmed           |     2 |       ||     2
 Cast: Magic Dart        |    17 |     5 ||    22
       Searing Ray       |     4 |    22 ||    26
  Use: Potion            |     2 |     3 ||     5
       Scroll            |       |     6 ||     6
 Stab: Sleeping          |     3 |     7 ||    10
